 Dungeon Crawl Stone Soup version 0.30.1-11-g7821555f0a (webtiles) character file.

Game seed: 4553386670780250587

41 Cheops the Digger (level 3, 0/19 HPs)
             Began as a Deep Elf Earth Elementalist on Dec 22, 2023.
             Constricted to death by Ijyb (2 damage)
             ... on level 2 of the Dungeon.
             The game lasted 00:02:09 (1358 turns).

Cheops the Digger (Deep Elf Earth Elementalist)     Turns: 1358, Time: 00:02:10

Health: 0/19       AC:  2    Str:  5    XL:     3   Next: 32%
Magic:  7/10       EV:  9    Int: 21    God:
Gold:   59         SH:  0    Dex: 15    Spells: 4/10 levels left

rFire   . . .        a - +3 dagger
rCold   . . .        (no shield)
rNeg    . . .        l - +0 robe
rPois   .            (no helmet)
rElec   .            (no cloak)
rCorr   .            (no gloves)
SInv    .            (no boots)
Will    .....        (no amulet)
Stlth   ++           (no ring)
HPRegen 0.23/turn    (no ring)
MPRegen 0.12/turn

%: no passive effects
@: grasped by roots, constricted
A: no striking features
a: no special abilities


You were on level 2 of the Dungeon.
You visited 1 branch of the dungeon, and saw 2 of its levels.

You collected 59 gold pieces.

Inventory:

Hand Weapons
 a - a +3 dagger (weapon)
Armour
 l - a +0 robe (worn)
Scrolls
 d - a scroll of fear {unknown}
 e - a scroll of identify {unknown}
 f - a scroll of teleportation {unknown}
 h - a scroll of magic mapping {unknown}
 j - a scroll of enchant armour {unknown}
 k - a scroll of enchant weapon {unknown}
Potions
 b - a potion of magic
 c - a potion of haste
 g - a potion of degeneration {unknown}
 i - a potion of mutation {unknown}


   Skills:
 - Level 2.4 Dodging
 - Level 2.4 Stealth
 + Level 4.1 Spellcasting
 - Level 1.1 Transmutations
 * Level 4.3 Earth Magic


You had 4 spell levels left.
You knew the following spells:

 Your Spells              Type           Power      Damage    Failure   Level
a - Sandblast             Erth           44%        2d11      1%          1
b - Stone Arrow           Conj/Erth      26%        3d8       14%         3
P - Passwall              Tmut/Erth      12%        N/A       6%          2

Your spell library contained the following spells:

 Spells                   Type           Power      Damage    Failure   Level
 Petrify                  Tmut/Erth      15%        N/A       36%         4


Dungeon Overview and Level Annotations

Branches:
Dungeon (2/15)

Altars:

Annotations:
D:2 Ijyb


Message History

Confirm with . or Enter, or press ? or * to list all spells.
Aiming: Sandblast (safe; 1% risk of failure)
Press: ? - help, Shift-Dir - straight line, f - goblin
Aim: a goblin, wielding a +0 club (79% to hit)
The blast of sand hits the goblin!
You kill the goblin!
Ijyb drinks a potion.
Ijyb seems to speed up.
Ijyb screams, "I cut your head off!"
Casting: Sandblast (safe; 1% risk of failure)
Confirm with . or Enter, or press ? or * to list all spells.
Aiming: Sandblast (safe; 1% risk of failure)
Press: ? - help, Shift-Dir - straight line, f - goblin
Aim: a goblin, wielding a +0 club (79% to hit)
The blast of sand hits the goblin!
You kill the goblin!
Ijyb zaps a wand.
The roots erupt in riotous growth!
The grasping roots grab you! The grasping roots constrict you.
Casting: Sandblast (safe; 1% risk of failure)
Confirm with . or Enter, or press ? or * to list all spells.
Aiming: Sandblast (safe; 1% risk of failure)
Press: ? - help, Shift-Dir - straight line, f - Ijyb
Aim: Ijyb, wielding a +0 club, wearing a +0 chain mail and carrying a wand of roots (12) (fast, 83% to hit)
The blast of sand hits Ijyb but does no damage.
The grasping roots constrict you. x2
* * * LOW HITPOINT WARNING * * *
Ijyb hits you with a +0 club.
* * * LOW HITPOINT WARNING * * *
The grasping roots constrict you.
* * * LOW HITPOINT WARNING * * *
Casting: Sandblast (safe; 1% risk of failure)
Confirm with . or Enter, or press ? or * to list all spells.
Aiming: Sandblast (safe; 1% risk of failure)
Press: ? - help, Shift-Dir - straight line, f/p - Ijyb
Aim: Ijyb, wielding a +0 club, wearing a +0 chain mail and carrying a wand of roots (12) (fast, 83% to hit)
The blast of sand hits Ijyb but does no damage.
Ijyb hits you with a +0 club.
* * * LOW HITPOINT WARNING * * *
The grasping roots constrict you.
You die...

#...........###.............#.#
#.#.#..####.###..######.###.#
#.........................#.##
.....(..................[.....#
##.#.#.#########..######.....##
#.#.#.# #..######.....#
#.#.#.#8.....8#.............# #
#.#.......#..##............
..#8..g..8#@.##.##..........
#..g....#g.##.##......###.
#8..).g8#)..............
#...ggg.#g.##.##.........
#8.....8#..##.##....#.###
.........g...>.........
...........##.##....#.
#########....... . ..###.##.


You could see Ijyb (fast) and 2 goblins.

Vanquished Creatures
  4 bats (D:1)
  4 endoplasms
  4 giant cockroaches (D:1)
  5 goblins
  5 hobgoblins
  2 quokkas (D:1)
  3 ball pythons
  A frilled lizard (D:2)
  3 kobolds (D:1)
  2 rats
33 creatures vanquished.

Notes
Turn   | Place    | Note
-------+----------+-------------------------------------------
     0 | D:1      | Cheops the Deep Elf Earth Elementalist began the quest for
                  | the Orb.
     0 | D:1      | Reached XP level 1. HP: 10/10 MP: 6/6
   155 | D:1      | Reached XP level 2. HP: 14/15 MP: 4/8
   716 | D:1      | Reached XP level 3. HP: 19/19 MP: 4/10
  1152 | D:1      | Learned a level 2 spell: Passwall
  1156 | D:1      | Learned a level 3 spell: Stone Arrow
  1346 | D:2      | Noticed Ijyb
  1358 | D:2      | Constricted to death by Ijyb

Illustrated notes

Levels and vault maps discovered:
D:1:      spicycebolla_green_bress_n_ham_2, layout_basic,
          chequers_serial_rivers_micro_a
D:2:      kennysheep_the_goblin_king, layout_basic,
          shapermc_ecumenical_altar_rom_forum, uniq_jessica, uniq_natasha

Skill      XL: |  1  2 |
---------------+-------+-----
Spellcasting   | 4 |  4.1
Earth Magic    | 4 |  4.3
Dodging        | |  2.4
Stealth        | |  2.4
Transmutations | |  1.1

Action                     || total
---------------------------++-------
   Cast: Sandblast         ||    46
 Armour: Robe              ||     4
  Dodge: Dodged            ||     4
